AAA
ROUND ROCK EXPRESS @ EVANSVILLE TRIPLETS
05/27/2052
 
TOP OF THE 1ST
Omaha Storm Chasers batting - Pitching for Edmonton Edge : LHP C.J. Brisset
Pitching: LHP C.J. Brisset
Batting: RHB Pruden De La Cruz 0-0: Swinging Strike
0-1: Ball
1-1: Ground out 4-3 (Groundball, 4MS, EV 84.4 MPH)
Batting: LHB Chandler Wray 0-0: Ball
1-0: Called Strike
1-1: Ball
2-1: SINGLE (Groundball, 4, EV 90.0 MPH)
Batting: RHB Iñigo Arroyo 0-0: Foul Ball, location: 2F
0-1: Ball
1-1: Ball
2-1: Foul Ball, location: 7LMF
2-2: Foul Ball, location: 2F
2-2: SINGLE (Groundball, 34D, EV 96.3 MPH)
Chandler Wray to second
Batting: RHB Killian Reeves 0-0: Ball
1-0: Foul Ball, location: 5FF
1-1: Ball
2-1: Called Strike
2-2: DOUBLE (Line Drive, 78XD, EV 100.6 MPH)
Chandler Wray scores
Iñigo Arroyo to third
Batting: RHB Kane Rodman 0-0: Called Strike
0-1: Ball
1-1: Ball
2-1: Called Strike
2-2: Ball
3-2: Fly out, F3 (Popup, 34S, EV 66.9 MPH)
Batting: RHB Jeremiah Long 0-0: Called Strike
0-1: Ball
1-1: Ball
2-1: Foul Ball, location: 5F
2-2: Foul Ball, location: 25FF
2-2: Ball
3-2: Foul Ball, location: 5FF
3-2: Ground out 5-3 (Groundball, 56, EV 81.9 MPH)
Top of the 1st over - 1 run, 3 hits, 0 errors, 2 left on base; Omaha 1 - Edmonton 0
BOTTOM OF THE 1ST
Edmonton Edge batting - Pitching for Omaha Storm Chasers : RHP Ralph Mauro
Pitching: RHP Ralph Mauro
Batting: LHB Christopher Carlile 0-0: Called Strike
0-1: Foul Ball, location: 2RF
0-2: Ball
1-2: Foul Ball, location: 9LMF
1-2: Fly out, F7 (Line Drive, 7S, EV 91.9 MPH)
Batting: RHB Roberto Cruz 0-0: Ball
1-0: Called Strike
1-1: Foul Ball, location: 2RF
1-2: Hit by Pitch
Batting: LHB Vince Ledbetter 0-0: Foul Ball, location: 2F
0-1: SINGLE (Line Drive, 78S, EV 91.3 MPH)
Roberto Cruz to second
Batting: SHB Asher Wurtz 0-0: Ball
1-0: Foul Ball, location: 7LMF
1-1: Swinging Strike
1-2: Grounds into double play, 3-6-1 (Groundball, 34, EV 79.4 MPH)
Bottom of the 1st over - 0 runs, 1 hit, 0 errors, 1 left on base; Omaha 1 - Edmonton 0
TOP OF THE 2ND
Omaha Storm Chasers batting - Pitching for Edmonton Edge : LHP C.J. Brisset
Batting: RHB Yoan Mato 0-0: Ball
1-0: Ball
2-0: Ball
3-0: Called Strike
3-1: Foul Ball, location: 7LMF
3-2: Foul Ball, location: 2F
3-2: Strikes out looking
Batting: RHB Joe Jacques 0-0: Called Strike
0-1: Fly out, F3 (Popup, 34, EV 67.5 MPH)
Batting: RHB Yamaico Lazarte 0-0: Ball
1-0: Ball
2-0: Called Strike
2-1: Swinging Strike
2-2: Fly out, F5 (Popup, 5SF, EV 72.5 MPH)
Top of the 2nd over - 0 runs, 0 hits, 0 errors, 0 left on base; Omaha 1 - Edmonton 0
BOTTOM OF THE 2ND
Edmonton Edge batting - Pitching for Omaha Storm Chasers : RHP Ralph Mauro
Batting: LHB Sergio Sabedra 0-0: Fly out, F9 (Line Drive, 9LS, EV 90.0 MPH)
Batting: SHB Ward Saylor 0-0: Called Strike
0-1: Ball
1-1: Ball
2-1: Called Strike
2-2: Foul Ball, location: 2F
2-2: Foul Ball, location: 2F
2-2: Foul Ball, location: 2F
2-2: Foul Ball, location: 2F
2-2: Ball
3-2: Base on Balls
Batting: RHB Bryan Young 0-0: Called Strike
0-1: Grounds into double play, 5-4-3 (Groundball, 5, EV 95.0 MPH)
Bottom of the 2nd over - 0 runs, 0 hits, 0 errors, 0 left on base; Omaha 1 - Edmonton 0
TOP OF THE 3RD
Omaha Storm Chasers batting - Pitching for Edmonton Edge : LHP C.J. Brisset
Batting: RHB Pruden De La Cruz 0-0: Called Strike
0-1: Swinging Strike
0-2: Ball
1-2: Strikes out swinging
Batting: LHB Chandler Wray 0-0: Ball
1-0: Ground out U3 (Groundball, 34S, EV 88.1 MPH)
Batting: RHB Iñigo Arroyo 0-0: Ball
1-0: Called Strike
1-1: Swinging Strike
1-2: Foul Ball, location: 2F
1-2: Strikes out looking
Top of the 3rd over - 0 runs, 0 hits, 0 errors, 0 left on base; Omaha 1 - Edmonton 0
BOTTOM OF THE 3RD
Edmonton Edge batting - Pitching for Omaha Storm Chasers : RHP Ralph Mauro
Batting: RHB Dominic Lunsford 0-0: Ball
1-0: Ball
2-0: Foul Ball, location: 2F
2-1: Fly out, F7 (Flyball, 7D, EV 92.5 MPH)
Batting: RHB D.J. Kornegay 0-0: Called Strike
0-1: Ball
1-1: Fly out, F8 (Flyball, 8RD, EV 93.1 MPH)
Batting: LHB Christopher Carlile 0-0: Ball
1-0: DOUBLE (Line Drive, 7LD, EV 106.3 MPH)
Batting: RHB Roberto Cruz 0-0: Ball
1-0: Swinging Strike
1-1: Ground out 6-3 (Groundball, 6, EV 103.8 MPH)
Bottom of the 3rd over - 0 runs, 1 hit, 0 errors, 1 left on base; Omaha 1 - Edmonton 0
TOP OF THE 4TH
Omaha Storm Chasers batting - Pitching for Edmonton Edge : LHP C.J. Brisset
Batting: RHB Killian Reeves 0-0: Called Strike
0-1: Swinging Strike
0-2: Ball
1-2: Ball
2-2: Ball
3-2: SINGLE (Groundball, 4S, EV 71.9 MPH) (infield hit)
Batting: RHB Kane Rodman 0-0: Ball
1-0: SINGLE (Line Drive, 4MD, EV 98.8 MPH)
Killian Reeves to second
Runner from 2nd tries for 3rd, SAFE, no throw by CF
Batting: RHB Jeremiah Long 0-0: Ball
1-0: Ball
2-0: Swinging Strike
2-1: Ball
3-1: Foul Ball, location: 5F
3-2: Strikes out swinging
Batting: RHB Yoan Mato 0-0: Ball
1-0: Ball
2-0: DOUBLE (Flyball, 7LD, EV 111.9 MPH)
Killian Reeves scores
Kane Rodman to third
Batting: RHB Joe Jacques 0-0: Ball
1-0: Foul Ball, location: 9LMF
1-1: Ball
2-1: Foul Ball, location: 2F
2-2: Strikes out looking
Batting: RHB Yamaico Lazarte 0-0: Called Strike
0-1: Foul Ball, location: 5FF
0-2: Strikes out swinging
Top of the 4th over - 1 run, 3 hits, 0 errors, 2 left on base; Omaha 2 - Edmonton 0
BOTTOM OF THE 4TH
Edmonton Edge batting - Pitching for Omaha Storm Chasers : RHP Ralph Mauro
Batting: LHB Vince Ledbetter 0-0: Foul Ball, location: 9LMF
0-1: Swinging Strike
0-2: Strikes out swinging
Batting: SHB Asher Wurtz 0-0: Foul Ball, location: 2F
0-1: Ball
1-1: Ground out 6-3 (Groundball, 6, EV 108.1 MPH)
Batting: LHB Sergio Sabedra 0-0: Ball
1-0: Called Strike
1-1: Fly out, F7 (Flyball, 7, EV 96.3 MPH)
Bottom of the 4th over - 0 runs, 0 hits, 0 errors, 0 left on base; Omaha 2 - Edmonton 0
TOP OF THE 5TH
Omaha Storm Chasers batting - Pitching for Edmonton Edge : LHP C.J. Brisset
Batting: RHB Pruden De La Cruz 0-0: Foul Ball, location: 5DF
0-1: SINGLE (Groundball, 4D, EV 105.6 MPH)
Batting: LHB Chandler Wray 0-0: Ball
1-0: Called Strike
1-1: Sac Bunt to 15 - play at first, batter OUT! 1-3
Pruden De La Cruz to second
Batting: RHB Iñigo Arroyo 0-0: Fly out, F3 (Popup, 3SF, EV 81.3 MPH)
Batting: RHB Killian Reeves 0-0: Called Strike
0-1: Ball
1-1: Fly out, F8 (Line Drive, 8RM, EV 98.8 MPH)
Top of the 5th over - 0 runs, 1 hit, 0 errors, 1 left on base; Omaha 2 - Edmonton 0
BOTTOM OF THE 5TH
Edmonton Edge batting - Pitching for Omaha Storm Chasers : RHP Ralph Mauro
Batting: SHB Ward Saylor 0-0: Ball
1-0: SINGLE (Line Drive, 9S, EV 97.5 MPH)
Batting: RHB Bryan Young 0-0: Ball
Ward Saylor is caught stealing 2nd base 2-4
1-0: Ground out 5-3 (Groundball, 56S, EV 86.9 MPH)
Batting: RHB Dominic Lunsford 0-0: Ground out U3 (Groundball, 13, EV 85.6 MPH)
Bottom of the 5th over - 0 runs, 1 hit, 0 errors, 0 left on base; Omaha 2 - Edmonton 0
TOP OF THE 6TH
Omaha Storm Chasers batting - Pitching for Edmonton Edge : LHP C.J. Brisset
Batting: RHB Kane Rodman 0-0: Fly out, F9 (Flyball, 9D, EV 95.0 MPH)
Batting: RHB Jeremiah Long 0-0: Foul Ball, location: 9LSF
0-1: Ball
1-1: Ball
2-1: Foul Ball, location: 23F
2-2: Foul Ball, location: 2F
2-2: Ball
3-2: Ground out 6-3 (Groundball, 56, EV 84.4 MPH)
Batting: RHB Yoan Mato 0-0: Ball
1-0: Ball
2-0: Foul Ball, location: 9LDF
2-1: Called Strike
2-2: Foul Ball, location: 2F
2-2: Ball
3-2: Base on Balls
Pitching: RHP Darnell Edwards
Batting: RHB Joe Jacques 0-0: Called Strike
0-1: Called Strike
0-2: Ball
1-2: Fly out, F8 (Flyball, 8LD, EV 98.1 MPH)
Top of the 6th over - 0 runs, 0 hits, 0 errors, 1 left on base; Omaha 2 - Edmonton 0
BOTTOM OF THE 6TH
Edmonton Edge batting - Pitching for Omaha Storm Chasers : RHP Ralph Mauro
Batting: RHB D.J. Kornegay 0-0: Foul Ball, location: 3FF
0-1: Ball
1-1: Ball
2-1: Ball
3-1: Base on Balls
Batting: LHB Christopher Carlile 0-0: Called Strike
0-1: Swinging Strike
0-2: Strikes out swinging
Batting: RHB Roberto Cruz 0-0: Fly out, F8 (Flyball, 8RXD, EV 105.0 MPH)
Batting: LHB Vince Ledbetter 0-0: Swinging Strike
0-1: Fly out, F8 (Flyball, 8RS, EV 77.5 MPH)
Bottom of the 6th over - 0 runs, 0 hits, 0 errors, 1 left on base; Omaha 2 - Edmonton 0
TOP OF THE 7TH
Omaha Storm Chasers batting - Pitching for Edmonton Edge : RHP Darnell Edwards
Batting: RHB Yamaico Lazarte 0-0: Ball
1-0: Swinging Strike
1-1: Ball
2-1: Ball
3-1: Foul Ball, location: 2F
3-2: DOUBLE (Line Drive, 7LM, EV 98.1 MPH)
Batting: RHB Pruden De La Cruz 0-0: Bunt missed!
0-1: Bunted foul
0-2: Ball
1-2: Foul Ball, location: 5FF
1-2: Strikes out swinging, 2-3 out at first.
Batting: LHB Chandler Wray 0-0: Ball
1-0: Ball
2-0: Ball
3-0: Called Strike
3-1: Foul Ball, location: 2F
3-2: Base on Balls
Batting: RHB Iñigo Arroyo 0-0: Ball
1-0: Ball
2-0: Grounds into double play, 5-4-3 (Groundball, 56S, EV 80.0 MPH)
Top of the 7th over - 0 runs, 1 hit, 0 errors, 1 left on base; Omaha 2 - Edmonton 0
BOTTOM OF THE 7TH
Edmonton Edge batting - Pitching for Omaha Storm Chasers : RHP Ralph Mauro
Batting: SHB Asher Wurtz 0-0: Called Strike
0-1: Fly out, F7 (Flyball, 78S, EV 95.0 MPH)
Batting: LHB Sergio Sabedra 0-0: Foul Ball, location: 23FF
0-1: Ball
1-1: Fly out, F7 (Flyball, 7LS, EV 90.0 MPH)
Batting: SHB Ward Saylor 0-0: Ball
1-0: Ball
2-0: Ground out 4-3 (Groundball, 34, EV 106.3 MPH)
Bottom of the 7th over - 0 runs, 0 hits, 0 errors, 0 left on base; Omaha 2 - Edmonton 0
TOP OF THE 8TH
Omaha Storm Chasers batting - Pitching for Edmonton Edge : RHP Darnell Edwards
Batting: RHB Killian Reeves 0-0: Ball
1-0: Ball
2-0: Ball
3-0: Base on Balls
Batting: RHB Kane Rodman 0-0: Called Strike
0-1: Called Strike
0-2: Ball
1-2: Fly out, F3 (Popup, 3SF, EV 89.4 MPH)
Pitching: RHP Jason Aldrich
Batting: RHB Jeremiah Long 0-0: Called Strike
0-1: Foul Ball, location: 9LSF
0-2: Fielders Choice at 2nd, 2-4 (Groundball, 2L, EV 71.9 MPH)
Batting: RHB Yoan Mato 0-0: Ball
1-0: Foul Ball, location: 9LDF
1-1: Swinging Strike
1-2: Ball
2-2: Ball
3-2: Fly out, F8 (Flyball, 8LM, EV 86.9 MPH)
Top of the 8th over - 0 runs, 0 hits, 0 errors, 1 left on base; Omaha 2 - Edmonton 0
BOTTOM OF THE 8TH
Edmonton Edge batting - Pitching for Omaha Storm Chasers : RHP Ralph Mauro
Batting: RHB Bryan Young 0-0: Swinging Strike
0-1: Ball
1-1: Swinging Strike
1-2: Ball
2-2: Strikes out swinging
Batting: RHB Dominic Lunsford 0-0: Ball
1-0: Called Strike
1-1: Foul Ball, location: 2F
1-2: SINGLE (Line Drive, 4MD, EV 104.4 MPH)
Pinch Hitting: SHB Rocky Mohler 0-0: Ball
1-0: Fly out, F8 (Line Drive, 8RD, EV 110.6 MPH)
Pitching: LHP Ron Mann
Batting: RHB Alan Rector 0-0: Called Strike
0-1: Fielders Choice at 2nd, 5-4 (Groundball, 5, EV 87.5 MPH)
Bottom of the 8th over - 0 runs, 1 hit, 0 errors, 1 left on base; Omaha 2 - Edmonton 0
TOP OF THE 9TH
Omaha Storm Chasers batting - Pitching for Edmonton Edge : RHP Jason Aldrich
Now at 3B: Bryan Young
Now at SS: Rocky Mohler
Pinch Hitting: LHB Gitana Garcia 0-0: Ball
1-0: Ball
2-0: Ball
3-0: Base on Balls
Batting: RHB Yamaico Lazarte 0-0: Foul Ball, location: 23F
0-1: Foul Ball, location: 9LMF
0-2: Foul Ball, location: 5FF
0-2: Ball
1-2: DOUBLE (Flyball, 78XD, EV 103.8 MPH)
Gitana Garcia to third
Batting: RHB Pruden De La Cruz 0-0: Foul Ball, location: 2F
0-1: Swinging Strike
0-2: Strikes out swinging
Batting: LHB Chandler Wray 0-0: Called Strike
0-1: Ball
1-1: Ball
2-1: Swinging Strike
2-2: Strikes out swinging
Batting: RHB Iñigo Arroyo 0-0: SINGLE (Flyball, 3D, EV 88.1 MPH)
Gitana Garcia scores
Yamaico Lazarte to third
Runner from 3rd tries for Home, throw by RF and OUT! 9-2
Top of the 9th over - 1 run, 2 hits, 0 errors, 1 left on base; Omaha 3 - Edmonton 0
BOTTOM OF THE 9TH
Edmonton Edge batting - Pitching for Omaha Storm Chasers : LHP Ron Mann
Now at 3B: Rafael Bennett
Batting: RHB Roberto Cruz 0-0: Called Strike
0-1: Ball
1-1: Called Strike
1-2: Ball
2-2: Strikes out swinging, 2-3 out at first.
Batting: LHB Vince Ledbetter 0-0: Ground out 4-3 (Groundball, 4S, EV 76.9 MPH)
Batting: SHB Asher Wurtz 0-0: Called Strike
0-1: Foul Ball, location: 3FF
0-2: Ball
1-2: SINGLE (Groundball, 56D, EV 96.9 MPH) (infield hit)
Batting: LHB Sergio Sabedra 0-0: Called Strike
0-1: Ball
1-1: Fly out, F6 (Popup, 5D, EV 41.3 MPH)
Bottom of the 9th over - 0 runs, 1 hit, 0 errors, 1 left on base; Omaha 3 - Edmonton 0
Tuesday, April 23rd , 2024 - OOTP Baseball 24.11 Build 85